 Dungeon Crawl Stone Soup version 0.29.0-13-gc9e81de378 (webtiles) character file.

Game seed: 6038395774629707599

73 Sabo the Magician (level 4, -1/24 HPs)
             Began as a Deep Elf Air Elementalist on Sept 7, 2022.
             Was a Follower of Kikubaaqudgha.
             Slain by Pargi (2 damage)
             ... in a sewer.
             The game lasted 00:17:59 (3314 turns).

Sabo the Magician (Deep Elf Air Elementalist)       Turns: 3314, Time: 00:18:02

Health: -1/24      AC:  2    Str:  5    XL:     4   Next: 8%
Magic:  6/12       EV: 13    Int: 22    God:    Kikubaaqudgha [*.....]
Gold:   82         SH:  0    Dex: 15    Spells: 10/11 levels left

rFire   . . .      SeeInvis .   i - +0 hand axe
rCold   . . .      Faith    .   (no shield)
rNeg    . . .      Spirit   .   a - +0 robe
rPois   .          Reflect  .   (no helmet)
rElec   .          Harm     .   (no cloak)
rCorr   .          Rampage  .   (no gloves)
Will    .....                   (no boots)
Stlth   +.........              (no amulet)
HPRegen 0.08/turn               (no ring)
MPRegen 0.13/turn               (no ring)

@: very slightly contaminated, very slow
A: no striking features
a: Renounce Religion, Unearth Wretches


You were in a sewer.
You worshipped Kikubaaqudgha.
Kikubaaqudgha was aware of your devotion.
You visited 1 branch of the dungeon, and saw 3 of its levels.
You also visited: Sewer.

You collected 82 gold pieces.

Inventory:

Hand Weapons
 i - a +0 hand axe (weapon)
Armour
 a - a +0 robe (worn)
Scrolls
 d - a scroll of enchant armour
 e - a scroll of identify
 g - a scroll of fog
 j - a scroll of poison {unknown}
Potions
 b - a potion of magic
 c - a potion of might {unknown}
 f - 3 potions of brilliance
 h - a potion of resistance {unknown}


   Skills:
 + Level 0.1 Fighting
 + Level 0.2 Short Blades
 + Level 3.0 Dodging
 + Level 2.7 Stealth
 + Level 4.2 Spellcasting
 + Level 1.6 Conjurations
 + Level 3.6 Air Magic


You had 10 spell levels left.
You knew the following spells:

 Your Spells              Type           Power      Damage    Failure   Level
a - Shock                 Conj/Air       64%        1d7       3%          1

Your spell library contained the following spells:

 Spells                   Type           Power      Damage    Failure   Level
 Static Discharge         Conj/Air       16%        3-5/arc   5%          2
 Foxfire                  Conj/Fire      32%        2x1d5     8%          1
 Swiftness                Air            20%        N/A       8%          3
 Apportation              Tloc           8%         N/A       11%         1
 Necrotise                Necr           16%        1d4       11%         1
 Summon Small Mammal      Summ           16%        N/A       11%         1
 Sublimation of Blood     Necr           4%         N/A       17%         2
 Conjure Flame            Conj/Fire      8%         6-21      24%         3
 Airstrike                Air            10%        2d(2-18)  24%         4
 Inner Flame              Hex/Fire       4%         N/A       32%         3
 Ozocubu's Armour         Ice            4%         N/A       32%         3
 Vampiric Draining        Necr           4%         2d6       32%         3
 Flame Wave               Conj/Fire      8%         2d5       61%         4
 Anguish                  Hex/Necr       2%         N/A       73%         4
 Ozocubu's Refrigeration  Ice            2%         4d7       100%        7


Dungeon Overview and Level Annotations

Branches:
Dungeon (3/15)              Sewer (1/1)

Altars:
Kikubaaqudgha

Annotations:
Sewer Pargi


Message History

Confirm with . or Enter, or press ? or * to list all spells.
Aiming: Shock (safe; 3% risk of failure)
Press: ? - help, Shift-Dir - straight line, f/p - Pargi
Aim: Pargi (lightly wounded, 64% to hit)
You miscast Shock.
You are very lightly contaminated with residual magic.
Nothing appears to happen.
Pargi bites you but does no damage. Pargi claws you. Pargi closely misses you.
Casting: Shock (safe; 3% risk of failure)
Confirm with . or Enter, or press ? or * to list all spells.
Aiming: Shock (safe; 3% risk of failure)
Press: ? - help, Shift-Dir - straight line, f/p - Pargi
Aim: Pargi (lightly wounded, 64% to hit)
You miscast Shock.
Nothing appears to happen.
Pargi bites you! Pargi claws you. Pargi closely misses you.
Unknown command.
Casting: Shock (safe; 3% risk of failure)
Confirm with . or Enter, or press ? or * to list all spells.
Aiming: Shock (safe; 3% risk of failure)
Press: ? - help, Shift-Dir - straight line, f/p - Pargi
Aim: Pargi (lightly wounded, 64% to hit)
The zap hits Pargi.
Pargi is moderately wounded.
The zap hits the ball python.
The ball python is severely wounded.
The ball python bites you. The ball python closely misses you.
Pargi closely misses you. x2; Pargi claws you but does no damage.
Your unstable footing causes you to fumble your attack.
The ball python bites you. The ball python closely misses you. Pargi bites you.
Pargi claws you. x2
* * * LOW HITPOINT WARNING * * *
The ball python barely misses you. The ball python closely misses you.
You closely miss Pargi.
Pargi is lightly wounded.
You hit the ball python but do no damage.
Pargi bites you.
* * * LOW HITPOINT WARNING * * *
Pargi claws you.
You die...
Kikubaaqudgha rasps: "You have failed me!
Welcome... death!"

###.~≈≈≈≈≈≈
##.#~≈≈≈≈≈≈≈
#.~.≈≈≈≈≈≈≈≈
###~~≈≈≈≈≈≈≈≈
##~.≈≈≈≈≈≈≈≈≈≈ ~
##~≈≈≈≈≈≈≈≈≈≈≈≈ ≈~.
#.~≈≈≈≈≈≈≈≈≈≈≈#
≈≈≈..###~≈≈≈≈≈≈≈≈≈≈≈≈≈
≈≈≈≈~~T@≈≈≈≈≈≈≈≈≈≈≈≈##
≈≈≈≈≈≈S≈≈≈≈≈≈≈≈≈≈≈≈≈#
≈≈≈≈≈≈≈≈≈≈≈≈≈≈≈≈≈≈≈≈
≈≈≈≈≈≈≈≈≈≈≈≈≈≈≈≈≈≈≈
≈≈≈≈≈≈≈≈≈≈≈≈≈≈≈≈≈
≈≈≈≈≈≈≈≈≈≈≈≈≈≈≈≈≈
≈≈≈≈≈≈≈≈≈≈≈≈≈≈≈#
######≈#####≈≈#


You could see Pargi and a ball python.

Vanquished Creatures
  An adder (Sewer)
  A worm (D:3)
  2 dart slugs (D:1)
  6 ball pythons
  2 endoplasms
  2 giant cockroaches
  6 goblins
  A hobgoblin (D:1)
  5 jackals (D:1)
  9 kobolds
  A quokka (D:1)
  5 bats
  7 frilled lizards
  9 rats
57 creatures vanquished.

Notes
Turn   | Place    | Note
-------+----------+-------------------------------------------
     0 | D:1      | Sabo the Deep Elf Air Elementalist began the quest for the
                  | Orb.
     0 | D:1      | Reached XP level 1. HP: 10/10 MP: 6/6
   138 | D:1      | Reached XP level 2. HP: 15/15 MP: 1/8
   855 | D:1      | Reached XP level 3. HP: 19/19 MP: 5/10
  2760 | D:2      | Found a faded altar of an unknown god.
  2769 | D:2      | Prayed at the altar of an unknown god.
  2769 | D:2      | Became a worshipper of Kikubaaqudgha
  2769 | D:2      | Reached * piety under Kikubaaqudgha
  2769 | D:2      | Received a gift from Kikubaaqudgha
  3016 | D:3      | Found a glowing drain.
  3069 | D:3      | Reached skill level 4 in Spellcasting
  3117 | Sewer    | Entered a sewer
  3272 | Sewer    | Reached XP level 4. HP: 24/24 MP: 9/12
  3305 | Sewer    | Noticed Pargi
  3314 | Sewer    | HP: 1/24 [Pargi (5)]
  3314 | Sewer    | Slain by Pargi

Illustrated notes

Levels and vault maps discovered:
D:1:      mainiacjoe_arrival_reflecting_pool, layout_loops_cross,
          chequers_serial_rivers_small_a, minmay_misc_feat_doors, st_stairs_14,
          minmay_crystal_water, grunt_decor_resistance, minmay_tripent
D:2:      layout_basic, shapermc_ecumenical_altar_mp_highgroup
D:3:      layout_loops_corners, cheibrodos_sewer_entry_sluice, kennysheep_boxes
Sewer:    sewer_co_pargi_island

Skill      XL: |  1  2  3 |
---------------+----------+-----
Dodging        | 3 |  3.0
Spellcasting   | 4 |  4.2
Fighting       | |  0.1
Short Blades   | |  0.2
Stealth        | |  2.7
Conjurations   | |  1.6
Air Magic      | |  3.6

Action                   |  1- 3 |  4- 6 || total
-------------------------+-------+-------++-------
Melee: Dagger            |    17 |       ||    17
       Hand axe          |    10 |     2 ||    12
       Punch             |     1 |       ||     1
 Cast: Shock             |    96 |     5 ||   101
  Use: Scroll            |     3 |       ||     3
Armor: Robe              |     4 |     2 ||     6
Dodge: Dodged            |    20 |     8 ||    28
